 Dungeon Crawl Stone Soup version 0.21.1-1-g345015f (webtiles) character file.

261 sking99 the Ruffian (level 5, -1/53 HPs)
             Began as a Troll Monk on June 22, 2018.
             Killed by divine providence
             ... invoked by an orc priest
              (13 damage)
             ... on level 4 of the Dungeon.
             The game lasted 00:06:16 (2213 turns).

sking99 the Ruffian (Troll Monk)                    Turns: 2213, Time: 00:06:17

Health: -1/53      AC:  5    Str: 19    XL:     5   Next: 96%
Magic:  4/4        EV: 11    Int:  6    God:
Gold:   209        SH:  0    Dex: 13    Spells: 4/4 levels left

rFire    . . .     SeeInvis .     - Unarmed
rCold    . . .     Gourm    +   (no shield)
rNeg     . . .     Faith    .   a - +0 robe
rPois    .         Spirit   .   (helmet restricted)
rElec    .         Reflect  .   (no cloak)
rCorr    .         Harm     .   (gloves unavailable)
MR       .....                  (boots unavailable)
Stlth    ++........             (no amulet)
HPRegen  0.57/turn              (no ring)
MPRegen  0.09/turn              (no ring)

@: no status effects
A: large, unfitting armour, claws 3, fast metabolism 3, gourmand, regeneration
1, shaggy fur 1, tough skin 2
a: no special abilities


You were on level 4 of the Dungeon.
You were very full.

You visited 1 branch of the dungeon, and saw 4 of its levels.

You collected 209 gold pieces.

Inventory:

Hand Weapons
 s - a +0 hand axe of flaming
Armour
 a - a +0 robe (worn)
Jewellery
 g - an uncursed ring of protection from cold {unknown}
 r - an uncursed ring of magical power {unknown}
Scrolls
 c - 3 scrolls of teleportation {unknown}
 d - a scroll of magic mapping {unknown}
 e - 3 scrolls of remove curse {unknown}
 f - a scroll of fog {unknown}
 j - a scroll of amnesia {unknown}
 k - a scroll of immolation {unknown}
 l - a scroll of fear {unknown}
 o - a scroll of identify {unknown}
 q - a scroll of enchant armour {unknown}
Potions
 h - a potion of lignification {unknown}
 i - 2 potions of curing {unknown}
 m - a potion of heal wounds {unknown}
 n - a potion of mutation {unknown}
 p - a potion of flight {unknown}
Comestibles
 b - 3 rations


   Skills:
 + Level 3.4 Fighting
 + Level 3.4 Dodging
 - Level 1.0 Stealth
 * Level 5.2 Unarmed Combat


You had 4 spell levels left.
You didn't know any spells.

Dungeon Overview and Level Annotations

Branches:
Dungeon (4/15)
 Temple: D:4-7

Altars:
Dithmenos


Innate Abilities, Weirdness & Mutations

You are too large for most types of armour.
You have claws for hands.
Your metabolism is lightning-fast.
You like to eat raw meat.
Your natural rate of healing is unusually fast.
You are covered in fur. (AC +1)
You have very tough skin. (AC +2)


Message History

The orc priest barely misses you. The orc wizard closely misses you.
You claw the orc wizard!
The orc wizard is almost dead.
The orc wizard hits you with a dagger.
The orc priest mumbles some strange prayers to Beogh against you.
Beogh smites you!
You completely miss the orc wizard.
The orc wizard is almost dead.
The orc wizard hits you but does no damage.
The orc priest hits you with a flail!
* * * LOW HITPOINT WARNING * * *
You claw the orc wizard!
You kill the orc wizard!
There is a stone staircase leading up, spattered with blood here.
Things that are here:
a dagger; a robe You barely miss the orc priest.
The orc priest calls down the wrath of Beogh upon you.
Beogh smites you!
You die...

### #.. .#+##
... ..... .#
#.#...... ..
....... #.
#.#[. . .. #..#
...
#.#.#.#@.#.....
.......o.......
#.#.#.#........
<.......$...
..............
...........####
..########.# ##
.. ..#


You could see an orc priest.

Vanquished Creatures
  2 orc priests (D:3)
  A hound (D:3)
  2 orc wizards
  3 gnolls (D:3)
  An adder (D:2)
  2 oozes
  A worm (D:2)
  2 dart slugs
  15 orcs (D:3)
  2 giant cockroaches (D:1)
  7 goblins
  4 hobgoblins
  A ball python (D:2)
  9 bats
  4 frilled lizards
  8 kobolds
  2 rats
66 creatures vanquished.

Notes
Turn   | Place    | Note
-------+----------+-------------------------------------------
     0 | D:1      | sking99 the Troll Monk began the quest for the Orb.
     0 | D:1      | Reached XP level 1. HP: 22/22 MP: 0/0
   260 | D:1      | Reached XP level 2. HP: 29/29 MP: 1/1
   754 | D:2      | Reached XP level 3. HP: 22/36 MP: 2/2
  1351 | D:3      | Reached skill level 4 in Unarmed Combat
  1533 | D:3      | Reached XP level 4. HP: 42/44 MP: 3/3
  1575 | D:3      | HP: 1/45 [orc priest/flail (8)]
  1698 | D:3      | Found a shadowy altar of Dithmenos.
  1867 | D:3      | Reached XP level 5. HP: 46/53 MP: 4/4
  2096 | D:3      | Reached skill level 5 in Unarmed Combat
  2213 | D:4      | Killed from afar by an orc priest

Skill      XL: |  1  2  3  4  5 |
---------------+----------------+-----
Unarmed Combat | 4 5 |  5.2
Dodging        | 3 |  3.4
Fighting       | 3 |  3.4
Stealth        | |  1.0

Action                   |  1- 3 |  4- 6 || total
-------------------------+-------+-------++-------
Melee: Unarmed           |    79 |   104 ||   183
       Punch             |     3 |     3 ||     6
 Stab: Sleeping          |     5 |       ||     5
  Eat: Chunk             |    17 |     7 ||    24
Armor: Robe              |    28 |    33 ||    61
Dodge: Dodged            |    39 |    70 ||   109
